 Dungeon Crawl Stone Soup version 0.22.1-2-g9c5b331 (webtiles) character file.

15848 magicm the Markscentaur (level 12, 0/108 HPs)
             Began as a Centaur Hunter on Nov 11, 2018.
             Was a Priest of the Shining One.
             Slain by a blink frog (12 damage)
             ... on level 2 of the Lair of Beasts on Nov 12, 2018.
             The game lasted 01:10:01 (12318 turns).

magicm the Markscentaur (Centaur Hunter)           Turns: 12318, Time: 01:10:02

Health: 0/108      AC: 16    Str: 17    XL:     12   Next: 4%
Magic:  0/12       EV:  6    Int: 12    God:    the Shining One [***...]
Gold:   666        SH:  0    Dex: 13    Spells: 11/11 levels left

rFire    + . .     SeeInvis .   a - +4 shortbow
rCold    . . .     Gourm    .   (shield currently unavailable)
rNeg     + . .     Faith    .   j - +4 chain mail
rPois    .         Spirit   +   (no helmet)
rElec    .         Reflect  .   x - scarf {Spirit}
rCorr    .         Harm     +   (no gloves)
MR       .....                  (no barding)
Stlth    ..........             y - amulet of harm
HPRegen  0.28/turn              r - +3 ring of protection
MPRegen  0.13/turn              I - ring "Jual" {rF+ Str+2 Slay+2}

@: glowing, very quick
A: large, hooves 3, deformed body, speed 2, tough skin 3
a: Divine Shield, Renounce Religion


You were on level 2 of the Lair of Beasts.
You worshipped the Shining One.
The Shining One was most pleased with you.
You were not hungry.

You visited 2 branches of the dungeon, and saw 12 of its levels.

You collected 692 gold pieces.
You spent 26 gold pieces at shops.

Inventory:

Hand Weapons
 a - a +4 shortbow (weapon)
 e - a +1 short sword of holy wrath
Missiles
 d - 47 arrows (quivered)
Armour
 j - a +4 chain mail (worn)
 n - a +0 cloak
 x - a scarf of spirit shield (worn)
Jewellery
 g - an uncursed ring of fire
 m - an uncursed ring of protection from cold
 q - the ring of Spite {rC+ MR+ AC+2 Str-2 Int+3}
   (You found it on level 5 of the Dungeon)

   [ring of protection]

   It affects your AC (+2).
   It affects your strength (-2).
   It affects your intelligence (+3).
   It protects you from cold.
   It affects your resistance to hostile enchantments.
 r - a +3 ring of protection (left hand)
 t - an uncursed ring of ice
 y - an amulet of harm (around neck)
 z - an uncursed ring of protection from cold
 E - an uncursed amulet of faith
 I - the ring "Jual" (right hand) {rF+ Str+2 Slay+2}
   (You found it on level 1 of the Lair of Beasts)

   [ring of strength]

   It affects your strength (+2).
   It affects your accuracy and damage with ranged weapons and melee attacks
   (+2).
   It protects you from fire.
Wands
 s - a wand of enslavement (14)
 w - a wand of acid (12)
 C - a wand of paralysis (10)
 D - a wand of polymorph (7)
 F - a wand of flame (21)
 H - a wand of digging (10)
Scrolls
 c - a scroll of fear
 i - 6 scrolls of remove curse
 l - a scroll of amnesia
 o - 6 scrolls of teleportation
 A - a scroll of blinking
Potions
 b - 2 potions of might
 h - a potion of cancellation
 k - 2 potions of magic
 p - 4 potions of brilliance
 u - a potion of flight
 v - 3 potions of invisibility
 B - a potion of haste
 G - a potion of curing
Comestibles
 f - 16 rations


   Skills:
 + Level 10.8 Fighting
 + Level 0.8 Short Blades
 + Level 17.8 Bows
 + Level 6.0 Armour
 + Level 2.0 Dodging
 + Level 1.6 Stealth


You had 11 spell levels left.
You didn't know any spells.
Your spell library contained the following spells:

 Spells                   Type           Power        Failure   Level  Hunger
 Shock                    Conj/Air       #...         99%         1    ##.....
 Sting                    Conj/Pois      #...         99%         1    ##.....
 Poisonous Vapours        Pois/Air       #.....       99%         2    ###....
 Swiftness                Chrm/Air       #.......     99%         2    ###....
 Mephitic Cloud           Conj/Pois/Air  #.......     100%        3    ####...
 Static Discharge         Conj/Air       #.......     100%        3    ####...
 Airstrike                Air            #.........   100%        4    #####..
 Olgreb's Toxic Radiance  Pois           #.......     100%        4    #####..
 Lightning Bolt           Conj/Air       #.........   100%        5    ######.
 Venom Bolt               Conj/Pois      #.........   100%        5    ######.


Dungeon Overview and Level Annotations

Branches:
Dungeon (10/15)            Temple (0/1) D:6            Lair (2/6) D:10
    Orc (0/2) D:10
  Swamp: Lair:2-4    Shoals: Lair:2-4     Snake: Lair:2-4    Spider: Lair:2-4

Altars:
Hepliaklqana
Nemelex Xobeh
Vehumet
Xom
The Shining One

Shops:
D:5 (

Annotations:
D:6 2 transporters


Innate Abilities, Weirdness & Mutations

You have hooves in place of feet.
Armour fits poorly on your strangely shaped body.
You cover ground very quickly.
You have extremely tough skin. (AC +3)


Message History

The blink frog gives a loud, deep croak! x2
The blink frog blinks!
A blink frog comes into view.
The rime drake breathes ice at you. The flash freeze hits you!
* * * LOW HITPOINT WARNING * * *
You are encased in ice.
The blink frog croaks.
The blink frog blinks! x2
The blink frog blinks! x2
Really attack while wielding your +4 shortbow? [Y]es or [N]o only, please.
Really attack while wielding your +4 shortbow?
Okay, then.
A crocodile comes into view.
The ice encasing you melts away. The blink frog hits you.
* * * LOW HITPOINT WARNING * * *
The blink frog barely misses you. The blink frog hits you!
You die...

#....####.#.PP.....
#F..(.# ######P...#
#..Y.## ##....
#§...# #.... #....#
#.!..P #....##
##...P #.Fk..##.#
#.... ##.F.......
..... #.F@F......
#....%.?...
##.F......$
#>....F...
#...§.§../
..........
#.....#t..
#.....#...


You could see an elephant, 7 blink frogs, a rime drake and a crocodile.

Vanquished Creatures
  A hydra (Lair:1)
  Erica (D:8)
  A two-headed ogre (D:10)
  3 death yaks (D:10)
  A deep elf mage (D:10)
  A cyclops (D:8)
  4 spiny frogs (Lair:1)
  A komodo dragon (Lair:1)
  2 hippogriffs (Lair:1)
  A meliai zombie (D:10)
  Sigmund (D:6)
  4 hogs (D:8)
  A human (D:8)
  21 yaks
  A wyvern (D:10)
  A steam dragon (D:8)
  5 water moccasins
  A porcupine (Lair:1)
  A black bear (D:9)
  2 orc warriors
  4 sky beasts
  A phantom (D:9)
  4 ice beasts
  3 ogres
  A centaur (D:9)
  A crocodile (Lair:1)
  A big kobold (D:8)
  4 bullfrogs
  2 gnoll sergeants
  2 scorpions
  A water moccasin skeleton (D:9)
  5 wights (D:8)
  2 killer bees (D:10)
  10 howler monkeys
  An electric eel (Lair:1)
  6 crimson imps
  5 hounds
  6 orc wizards
  7 jellies
  2 orc priests (D:10)
  2 centaur skeletons
  4 bullfrog skeletons
  2 iguanas
  11 worker ants
  A killer bee zombie (D:10)
  A howler monkey zombie (D:3)
  10 gnolls
  6 adders
  3 river rats (D:10)
  A shadow imp (D:8)
  2 oozes
  2 worms
  2 dart slugs
  4 leopard geckos
  33 orcs
  5 bats
  6 giant cockroaches
  9 goblins
  9 hobgoblins
  8 jackals (D:3)
  4 quokkas
  2 frilled lizards
  12 kobolds
  2 leopard gecko skeletons (D:4)
  A quokka skeleton (D:7)
  2 quokka zombies
  8 rats
274 creatures vanquished.

Vanquished Creatures (others)
  A fungus (Lair:2)
  2 plants (Lair:2)
3 creatures vanquished.

Grand Total: 277 creatures vanquished

Notes
Turn   | Place    | Note
-------+----------+-------------------------------------------
     0 | D:1      | magicm the Centaur Hunter began the quest for the Orb.
     0 | D:1      | Reached XP level 1. HP: 17/17 MP: 1/1
   114 | D:1      | Reached skill level 6 in Bows
   114 | D:1      | Reached XP level 2. HP: 24/24 MP: 2/2
   587 | D:2      | Reached XP level 3. HP: 29/29 MP: 3/3
  1171 | D:3      | Reached skill level 7 in Bows
  1222 | D:3      | Reached XP level 4. HP: 27/37 MP: 4/4
  1807 | D:4      | Reached skill level 1 in Armour
  1807 | D:4      | Reached XP level 5. HP: 37/42 MP: 5/5
  1894 | D:4      | Noticed an ogre
  1966 | D:3      | Reached skill level 8 in Bows
  2229 | D:4      | Reached XP level 6. HP: 26/50 MP: 6/6
  2637 | D:5      | Entered Level 5 of the Dungeon
  2647 | D:4      | Reached skill level 9 in Bows
  2705 | D:5      | Reached XP level 7. HP: 56/57 MP: 7/7
  2771 | D:5      | Found a hazy altar of Hepliaklqana.
  2772 | D:5      | Found a shimmering altar of Xom.
  2773 | D:5      | Noticed a spectral ugly thing
  2815 | D:5      | Found Foacepeo's Weapon Shop.
  2827 | D:5      | Bought 11 arrows for 26 gold pieces
  3131 | D:5      | Got a translucent turquoise ring
  3182 | D:5      | Found a sparkling altar of Nemelex Xobeh.
  3183 | D:5      | Identified the ring of Spite {rC+ MR+ AC+2 Str-2 Int+3}
                  | (You found it on level 5 of the Dungeon)
  3185 | D:5      | Found a glowing golden altar of the Shining One.
  3193 | D:5      | Became a worshipper of the Shining One
  3243 | D:5      | Reached skill level 10 in Bows
  3780 | D:6      | Noticed Sigmund
  3786 | D:6      | Killed Sigmund
  3806 | D:6      | Reached skill level 11 in Bows
  3806 | D:6      | Reached XP level 8. HP: 66/66 MP: 8/8
  3911 | D:5      | HP: 3/66 [poisoned by a worker ant]
  3916 | D:4      | HP: 2/66 [poisoned by a worker ant]
  4394 | D:6      | Found a staircase to the Ecumenical Temple.
  4708 | D:6      | Reached skill level 5 in Fighting
  4774 | D:6      | Found a transporter.
  4774 | D:6      | Noticed a fire crab
  4776 | D:6      | Noticed a kobold demonologist
  5053 | D:6      | Reached * piety under the Shining One
  5054 | D:6      | Noticed a kobold demonologist
  5100 | D:6      | Found a transporter.
  5394 | D:7      | Reached skill level 12 in Bows
  5850 | D:7      | Found a radiant altar of Vehumet.
  6218 | D:8      | Reached XP level 9. HP: 74/74 MP: 9/9
  6245 | D:8      | Reached skill level 13 in Bows
  6770 | D:8      | Noticed Erica
  6779 | D:8      | HP: 3/75 [poisoned by Erica (bolt of poison)]
  6870 | D:8      | Noticed a cyclops
  7196 | D:8      | Killed a cyclops
  7196 | D:8      | Reached skill level 14 in Bows
  7428 | D:8      | Upgraded the game from 0.22.1-1-ga44c0e5 to
                  | 0.22.1-2-g9c5b331
  7469 | D:8      | Identified a scroll of acquirement
  7951 | D:8      | Killed Erica
  7951 | D:8      | Reached XP level 10. HP: 84/84 MP: 10/10
  8067 | D:8      | Reached ** piety under the Shining One
  9137 | D:9      | Reached skill level 15 in Bows
  9350 | D:10     | Entered Level 10 of the Dungeon
  9358 | D:10     | Noticed a two-headed ogre
  9364 | D:10     | Killed a two-headed ogre
  9378 | D:10     | Noticed a deep elf mage
  9386 | D:10     | Killed a deep elf mage
  9408 | D:10     | Reached skill level 1 in Stealth
  9485 | D:10     | Reached skill level 5 in Armour
  9821 | D:10     | Noticed a death yak
  9821 | D:10     | Reached *** piety under the Shining One
  9838 | D:10     | Noticed a death yak
  9846 | D:10     | Noticed a death yak
  9895 | D:10     | Killed a death yak
  9895 | D:10     | Reached skill level 16 in Bows
  9895 | D:10     | Reached XP level 11. HP: 95/95 MP: 11/11
 10007 | D:10     | Killed a death yak
 10073 | D:10     | Killed a death yak
 10228 | D:10     | Found a staircase to the Lair.
 10582 | D:10     | Found a staircase to the Orcish Mines.
 10779 | Lair:1   | Entered Level 1 of the Lair of Beasts
 11454 | Lair:1   | Reached skill level 10 in Fighting
 11454 | Lair:1   | Reached skill level 17 in Bows
 11486 | Lair:1   | Got a scorched golden ring
 11935 | Lair:1   | Noticed a five-headed hydra
 11943 | Lair:1   | Killed a five-headed hydra
 12217 | Lair:2   | Identified the ring "Jual" {rF+ Str+2 Slay+2} (You found it
                  | on level 1 of the Lair of Beasts)
 12242 | Lair:2   | Reached XP level 12. HP: 108/108 MP: 12/12
 12318 | Lair:2   | Slain by a blink frog

Skill      XL: |  1  2  3  4  5  6  7  8  9 10 11 |
---------------+----------------------------------+-----
Bows           | 6 7 8 9 11 12 14 16 17 | 17.8
Armour         | 1 2 3 4 5 6 |  6.0
Fighting       | 3 4 5 6 8 10 | 10.8
Stealth        | 1 |  1.6
Dodging        | 2 |  2.0
Short Blades   | |  0.8

Action                   |  1- 3 |  4- 6 |  7- 9 | 10-12 || total
-------------------------+-------+-------+-------+-------++-------
Melee: Short sword       |       |    19 |    12 |       ||    31
       Kick              |       |     6 |     5 |       ||    11
 Fire: Shortbow          |   111 |   154 |   387 |   594 ||  1246
Invok: Divine Shield     |       |       |       |     1 ||     1
  Use: Scroll            |     8 |     9 |    11 |    14 ||    42
       Potion            |       |       |     6 |       ||     6
  Eat: Ration            |       |     1 |     4 |     3 ||     8
Armor: Leather armour    |     2 |       |       |       ||     2
       Chain mail        |     7 |    60 |    68 |    77 ||   212
       Skin              |       |       |     2 |       ||     2
Dodge: Dodged            |     6 |    14 |    21 |    21 ||    62
Block: Other             |       |       |       |     6 ||     6
